Map: Dash and Terminal LE (Void)

Players

Xpired - Winner!

  • Race: Protoss Protoss
  • League: Master

Medo

  • Race: Protoss Protoss
  • League: Silver

VOD

Have the link to the VOD?

Description

Time

  • Played on: July 18, 2015, 3:22 a.m.
  • Length: 3:39
Show
View Real Time Build Order
Export as new Build Order

Xpired Protoss - Winner!

Build Orders:  

Get SALT Encoding   

  12  0:01  Probe  
  13  0:13  Probe  
  14  0:28  Assimilator  
  14  0:44  Pylon  
  14  0:49  Pylon  
  14  1:03  Gateway  
  14  1:05  Gateway  
  14  1:09  Probe (Chrono Boost)  
  15  1:21  Probe (Chrono Boost)  
  16  1:27  Probe (Chrono Boost)  
  18  1:40  Probe  
  18  1:53  Cybernetics Core, Zealot  
  18  1:54  Zealot  
  22  2:03  Gateway  
  22  2:29  Stalker (Chrono Boost)  
  26  2:32  Stalker (Chrono Boost)  
  26  2:33  Pylon  
  26  2:41  Probe  
  29  2:52  Stalker (Chrono Boost)  
  29  2:55  Adept (Chrono Boost)  
  31  3:13  Probe  
  32  3:24  Nexus  
Show
View Real Time Build Order
Export as new Build Order

Medo Protoss 

Build Orders:  

Get SALT Encoding   

  12  0:01  Probe  
  13  0:13  Probe  
  14  0:19  Pylon  
  14  0:37  Probe (Chrono Boost)  
  14  0:39  Gateway  
  15  0:46  Assimilator  
  15  0:48  Probe (Chrono Boost)  
  16  0:54  Probe, Assimilator  
  17  1:06  Probe (Chrono Boost)  
  17  1:09  Pylon  
  18  1:18  Probe (Chrono Boost)  
  19  1:24  Probe (Chrono Boost)  
  20  1:29  Cybernetics Core  
  20  1:35  Probe (Chrono Boost)  
  22  1:47  Probe (Chrono Boost)  
  23  1:54  Probe (Chrono Boost)  
  23  2:10  Mothership Core (Chrono Boost)  
  23  2:12  Adept  
  27  2:41  Nexus  
  27  2:44  Pylon  
  27  2:48  Adept (Chrono Boost)  
  27  2:50  Probe  
  30  3:02  Probe  
  29  3:11  Sentry (Chrono Boost)  
Tags
 
Add a new tag
Caveats
  • Supply blocks, unpowered buildings, or Contaminate may cause inaccurate times.
  • Supply counts are checked every 10 seconds.